 Dungeon Crawl Stone Soup version 0.31-a0-1321-g5021b54cb2 (webtiles) character file.

Game seed: 7483084046057401461

95 Curundu the Chopper (level 4, -2/41 HPs)
             Began as a Hill Orc Berserker on Dec 20, 2023.
             Was a Believer of Trog.
             Slain by an iguana (11 damage)
             ... on level 5 of the Dungeon.
             The game lasted 00:05:22 (2033 turns).

Curundu the Chopper (Hill Orc Berserker)            Turns: 2033, Time: 00:05:22

Health: -2/41      AC:  9    Str: 21    XL:     4   Next: 66%
Magic:  4/4        EV:  8    Int:  7    God:    Trog [**....]
Gold:   143        SH:  0    Dex: 10    Spells: 3/3 levels left

rFire   . . .        a - +0 hand axe
rCold   . . .        (no shield)
rNeg    . . .        m - +0 chain mail
rPois   .            j - +0 helmet
rElec   .            (no cloak)
rCorr   .            (no gloves)
SInv    .            (no boots)
Will    .....        (no amulet) Stlth
                     (no ring)
HPRegen 0.26/turn    (no ring)
MPRegen 0.09/turn

%: no passive effects
@: lethally poisoned (-2 -> -5)
A: no striking features
a: Renounce Religion, Berserk, Trog's Hand


You were on level 5 of the Dungeon.
You worshipped Trog.
Trog was pleased with you.
You visited 1 branch of the dungeon, and saw 4 of its levels.

You collected 143 gold pieces.

Inventory:

Hand Weapons
 a - a +0 hand axe (weapon)
Missiles
 s - 6 poisoned darts
Armour
 j - a +0 helmet (worn)
 m - a +0 chain mail (worn)
Scrolls
 b - a scroll of teleportation {unknown}
 c - a scroll of brand weapon {unknown}
 e - 2 scrolls of noise {unknown}
 f - a scroll of acquirement {unknown}
 k - a scroll of poison {unknown}
 l - a scroll of fear {unknown}
 n - 2 scrolls of vulnerability {unknown}
 r - a scroll of identify {unknown}
Potions
 d - 2 potions of lignification {unknown}
 g - 4 potions of heal wounds {unknown}
 h - a potion of magic {unknown}
 i - a potion of haste {unknown}
 o - a potion of mutation {unknown}
 p - a potion of degeneration {unknown}
 q - a potion of cancellation {unknown}


   Skills:
 + Level 4.6 Fighting
 + Level 5.6 Axes
 + Level 2.4 Armour
 + Level 2.0 Dodging
 + Level 0.1 Stealth


You had 3 spell levels left.
You didn't know any spells.
Your spell library contained the following spells:

 Spells                   Type           Power      Damage    Failure   Level
 Kiss of Death            Conj/Necr      0%         2d5       98%         1
 Confusing Touch          Hex            0%         N/A       100%        3
 Hailstorm                Conj/Ice       0%         3d5       100%        3
 Dispel Undead            Necr           0%         3d6       100%        4
 Summon Ice Beast         Ice/Summ       0%         N/A       100%        4
 Simulacrum               Ice/Necr       0%         N/A       100%        6


Dungeon Overview and Level Annotations

Branches:
Dungeon (3/15)

Altars:
Wu Jian

Annotations:
D:5 Dowan, Duvessa


Message History

The dart slug is almost dead.
You hit the dart slug.
You kill the dart slug!
Trog accepts your kill.
You see here a dart slug corpse.
You see here a +0 chain mail.
m - a +0 chain mail You start removing your armour.
You continue taking off your +0 scale mail. x4
You finish taking off your +0 scale mail.
You start putting on your armour.
You continue putting on your +0 chain mail. x5
You finish putting on your +0 chain mail.
You drop a +0 scale mail.
An iguana comes into view.
The iguana hisses angrily.
Dowan, Brother of Duvessa comes into view.
He is wielding a +2 dagger of venom.
Dowan gestures at you while chanting. You resist with some effort.
Duvessa, Sister of Dowan comes into view.
She is wielding a +0 rapier.
Dowan casts a spell.
Dowan blinks!
The iguana barely misses you.
You see here 14 gold pieces.
You barely miss the iguana. The iguana bites you!
You slash the iguana!
The iguana is heavily wounded.
The iguana bites you!
You hit the iguana but do no damage.
The iguana is heavily wounded.
The iguana bites you!
* * * LOW HITPOINT WARNING * * *
You barely miss Duvessa. You barely miss Dowan. You closely miss the iguana.
Dowan hits you with a +2 dagger of venom.
* * * LOW HITPOINT WARNING * * *
You are poisoned.
Duvessa barely misses you. The iguana barely misses you.
You closely miss Duvessa. You hit the iguana but do no damage.
You closely miss Dowan.
You feel sick. The iguana bites you!
You die...

....................
.##.#..................
.... #...)..............
..#.........#..##.......
.....###..#.............
..................[....†
....$...........#.......
......e...##.......#.###
......l@................
......e...##............
.....#######............
.... #.....####### ###
########.###.#
...≈≈§§..# #.#
########## #.# ###


You could see Duvessa, Dowan and an iguana.

Vanquished Creatures
  A jelly (D:5)
  A gnoll (D:2)
  An adder (D:2)
  2 dart slugs
  An orc (D:5)
  2 endoplasms
  A giant cockroach (D:1)
  5 goblins
  4 hobgoblins
  4 kobolds
  3 quokkas
  5 ball pythons
  4 bats (D:2)
  2 frilled lizards
  6 rats
42 creatures vanquished.

Notes
Turn   | Place    | Note
-------+----------+-------------------------------------------
     0 | D:1      | Curundu the Hill Orc Berserker began the quest for the Orb.
     0 | D:1      | Reached XP level 1. HP: 19/19 MP: 1/1
   226 | D:1      | Reached XP level 2. HP: 27/27 MP: 2/2
   649 | D:2      | Reached XP level 3. HP: 15/33 MP: 3/3
   906 | D:2      | Reached ** piety under Trog
  1116 | D:2      | Reached skill level 5 in Axes
  1326 | D:2      | Reached XP level 4. HP: 41/41 MP: 4/4
  1805 | D:3      | You fall into a shaft and drop 2 floors!
  1805 | D:5      | Entered Level 5 of the Dungeon
  1960 | D:5      | Found an ornate altar of the Wu Jian Council.
  2026 | D:5      | Noticed Dowan
  2027 | D:5      | Noticed Duvessa
  2033 | D:5      | Slain by an iguana

Illustrated notes

Levels and vault maps discovered:
D:1:      dpeg_arrival_pond, layout_rooms, grunt_decor_one_mirror,
          corexii_hall_statues_u
D:2:      layout_loops_ring, minmay_split_cup_small
D:3:      minmay_general_purpose_star, layout_loops_ring, serial_shops,
          nicolae_square_shop, patterned_corridor, uniq_robin
D:5:      layout_rooms, kennysheep_mini, corexii_corridor_pit, uniq_grinder,
          uniq_duvessa

Skill      XL: |  1  2  3  4 |
---------------+-------------+-----
Fighting       | 4 |  4.6
Axes           | 5 |  5.6
Dodging        | 2 |  2.0
Armour         | |  2.4
Stealth        | |  0.1

Action                     |  1- 3 |  4- 6 || total
---------------------------+-------+-------++-------
  Melee: Hand axe          |   108 |    22 ||   130
         Punch             |     1 |       ||     1
 Armour: Animal skin       |    58 |       ||    58
         Ring mail         |       |     9 ||     9
         Chain mail        |       |     5 ||     5
         Scale mail        |       |     3 ||     3
  Dodge: Dodged            |    67 |    12 ||    79

Table legend: (Time is in decaauts)
 A = Elapsed time spent in this place.
 B = Non-inter-level travel time spent in this place.
 C = Inter-level travel time spent in this place.
 D = Time resting spent in this place.
 E = Time spent auto-exploring this place.
 F = Levels seen in this place.
 G = Mean time per level.
                   A        B        C        D        E       F      G
               +--------+--------+--------+--------+--------+-----+--------+
         Total |   2040 |   2040 |      0 |      0 |   1472 |   4 |  510.0 |
       Dungeon |   2040 |   2040 |      0 |      0 |   1472 |   4 |  510.0 |
               +--------+--------+--------+--------+--------+-----+--------+

Top non-repeatable levels by time:
     D:2: 979 daAuts
     D:1: 614 daAuts
     D:5: 228 daAuts
     D:3: 219 daAuts
